 Dungeon Crawl Stone Soup version 0.27.1-33-g824d729ab1 (webtiles) character file.

Game seed: 10647407990689604458

84 pkoi the Grasshopper (level 4, -4/36 HPs)
             Began as a Draconian Warper on Dec 5, 2021.
             Slain by a gnoll (10 damage)
             ... on level 2 of the Dungeon.
             The game lasted 00:04:40 (3024 turns).

pkoi the Grasshopper (Draconian Warper)             Turns: 3024, Time: 00:04:40

Health: -4/36      AC:  5    Str: 14    XL:     4   Next: 24%
Magic:  7/7        EV: 12    Int: 14    God:
Gold:   124        SH:  0    Dex: 10    Spells: 2/7 levels left

rFire    . . .     SeeInvis .     - Unarmed
rCold    . . .     Faith    .   (no shield)
rNeg     . . .     Spirit   .   (armour unavailable)
rPois    .         Reflect  .   (helmet restricted)
rElec    .         Harm     .   (no cloak)
rCorr    .         Rampage  .   (no gloves)
Will     +....                  (no boots)
Stlth    +.........             (no amulet)
HPRegen  0.12/turn              g - ring of willpower
MPRegen  0.10/turn              (no ring)

@: no status effects
A: AC +5, unfitting armour, cold-blooded
a: no special abilities


You were on level 2 of the Dungeon.
You visited 1 branch of the dungeon, and saw 3 of its levels.

You collected 124 gold pieces.

Inventory:

Hand Weapons
 c - a +0 spear
Missiles
 b - 5 boomerangs of dispersal
 e - 2 boomerangs (quivered)
Jewellery
 g - a ring of willpower (left hand)
Scrolls
 a - a scroll of blinking
 f - a scroll of teleportation {unknown}
Potions
 d - a potion of ambrosia {unknown}
 h - a potion of curing {unknown}
 i - a potion of degeneration {unknown}


   Skills:
 - Level 2.1 Fighting
 - Level 0.8 Throwing
 - Level 2.1 Dodging
 + Level 3.5 Unarmed Combat
 - Level 2.0 Spellcasting
 + Level 4.1 Translocations


You had 2 spell levels left.
You knew the following spells:

 Your Spells              Type           Power      Damage    Failure   Level
a - Blink                 Tloc           N/A        N/A       6%          2
b - Gell's Gravitas       Tloc           6%         N/A       13%         3

Your spell library contained the following spells:

 Spells                   Type           Power      Damage    Failure   Level
 Lesser Beckoning         Tloc           6%         N/A       13%         3
 Teleport Other           Tloc           13%        N/A       13%         3
 Manifold Assault         Tloc           13%        N/A       75%         5


Dungeon Overview and Level Annotations

Branches:
Dungeon (3/15)

Altars:

Shops:
D:2 [(


Innate Abilities, Weirdness & Mutations

Your plain brown scales are hard. (AC +5)
You cannot fit into any form of body armour.
You are cold-blooded and may be slowed by cold attacks.


Message History

HP restored.
You climb downwards.
There is a stone staircase leading up here.
You climb upwards.
There is a stone staircase leading down here.
There is a stone staircase leading down here.
You climb downwards.
The gnoll barely misses you.
There is a stone staircase leading up here.
Unknown command.
The gnoll barely misses you. The gnoll closely misses you.
You climb upwards.
There is a stone staircase leading down here.
You hit the gnoll.
The gnoll is lightly wounded.
The gnoll hits you with a +0 halberd!
You closely miss the gnoll.
The gnoll is lightly wounded.
The gnoll closely misses you.
You barely miss the gnoll.
The gnoll is lightly wounded.
The gnoll hits you with a +0 halberd!
You hit the gnoll but do no damage.
The gnoll is lightly wounded.
The gnoll hits you with a +0 halberd.
* * * LOW HITPOINT WARNING * * *
You hit the gnoll.
The gnoll is heavily wounded.
The gnoll closely misses you.
You hit the gnoll.
Your tail-slap misses the gnoll.
The gnoll is severely wounded.
The gnoll barely misses you.
You completely miss the gnoll.
The gnoll is severely wounded.
The gnoll hits you with a +0 halberd!
* * * LOW HITPOINT WARNING * * *
You barely miss the gnoll.
You tail-slap the gnoll, but do no damage.
The gnoll is severely wounded.
The gnoll hits you with a +0 halberd!
You die...

####### #### ......# #####
####... ......# #...#
########...^## ......# #...#
#........#### ......# #...####
#.######## ......### #.....@###.#
........###...##.g.#>#########
......#...#......#...........####
......###.#...##.###.#######.....
......# #.######.# #.# ######
......# #.## #.# #.# # ##.#.##
#..### #.# #.# #### #.#..# ##...#
#.###.# ###.<. #.##.#
###.###.##..# #.#.##


You could see a gnoll.

Vanquished Creatures
  A gnoll (D:1)
  2 adders (D:3)
  A dart slug (D:1)
  5 ball pythons (D:1)
  5 bats
  2 endoplasms
  4 giant cockroaches
  3 goblins (D:1)
  8 hobgoblins
  4 jackals (D:1)
  2 quokkas
  2 frilled lizards
  2 kobolds (D:2)
  8 rats
49 creatures vanquished.

Notes
Turn   | Place    | Note
-------+----------+-------------------------------------------
     0 | D:1      | pkoi the Draconian Warper began the quest for the Orb.
     0 | D:1      | Reached XP level 1. HP: 17/17 MP: 3/3
    54 | D:1      | Reached XP level 2. HP: 5/24 MP: 5/5
   778 | D:1      | Reached XP level 3. HP: 8/29 MP: 6/6
  1073 | D:1      | Found a faded altar of an unknown god.
  1639 | D:2      | Found Tili's Weapon Emporium.
  1669 | D:2      | Found Haja's Antique Armour Emporium.
  1879 | D:2      | Reached skill level 4 in Translocations
  2126 | D:2      | Noticed a phantom
  2250 | D:1      | Learned a level 2 spell: Blink
  2557 | D:3      | Reached XP level 4. HP: 32/36 MP: 7/7
  2561 | D:3      | Learned a level 3 spell: Gell's Gravitas
  3024 | D:2      | Slain by a gnoll

Illustrated notes

Levels and vault maps discovered:
D:1:      tarquinn_simple_flora_water_c, layout_basic, basic_ecumenical_altar
D:2:      layout_rooms, serial_shops, nicolae_shop_trees, nicolae_shop_trees,
          mrwooster_statue_mirror
D:3:      layout_basic

Skill      XL: |  1  2  3 |
---------------+----------+-----
Unarmed Combat | 3 |  3.5
Translocations | 4 |  4.1
Fighting       | |  2.1
Throwing       | |  0.8
Dodging        | |  2.1
Spellcasting   | |  2.0

Action                   |  1- 3 |  4- 6 || total
-------------------------+-------+-------++-------
Melee: Unarmed           |   171 |    20 ||   191
       Tailslap          |    20 |     2 ||    22
       Punch             |     1 |       ||     1
Throw: Boomerang         |     7 |       ||     7
  Use: Scroll            |     1 |       ||     1
Armor: Skin              |    49 |     4 ||    53
Dodge: Dodged            |   102 |    17 ||   119
